% Time on Ice - SPOKANE KNIGHTS
Lines # - Real PCT - Wanted PCT - Time Play
Normal Forward
1 - 34% - 35% - 17:15
2 - 34% - 35% - 17:30
3 - 20% - 20% - 10:20
4 - 12% - 10% - 6:20
Normal Defense
1 - 25% - 30% - 12:51
2 - 33% - 30% - 16:56
3 - 30% - 20% - 15:27
4 - 12% - 20% - 6:11
PP Forward
1 - 65% - 60% - 3:52
2 - 35% - 40% - 2:05
PP Defense
1 - 61% - 60% - 3:39
2 - 39% - 40% - 2:18
PK Forward
1 - 43% - 50% - 1:08
2 - 57% - 50% - 1:30
PK Defense
1 - 32% - 60% - 0:51
2 - 68% - 40% - 1:47
PK3 Forward
1 - 0% - 60%
2 - 0% - 40%
PK3 Defense
1 - 0% - 60%
2 - 0% - 40%
44 Forward
1 - 0% - 50%
2 - 0% - 50%
44 Defense
1 - 0% - 60%
2 - 0% - 40%
Last Minute Offensive  - 0:00
Last Minute Defensive  - 0:00
Total
Forward - 60:00
Defense - 60:00
% Time on Ice - CALGARY FIREMEN
Lines # - Real PCT - Wanted PCT - Time Play
Normal Forward
1 - 33% - 36% - 17:10
2 - 27% - 31% - 13:53
3 - 22% - 23% - 11:26
4 - 17% - 10% - 8:56
Normal Defense
1 - 35% - 36% - 17:52
2 - 33% - 31% - 17:13
3 - 26% - 23% - 13:15
4 - 6% - 10% - 3:05
PP Forward
1 - 54% - 55% - 1:26
2 - 46% - 45% - 1:12
PP Defense
1 - 30% - 55% - 0:47
2 - 70% - 45% - 1:51
PK Forward
1 - 58% - 55% - 3:27
2 - 42% - 45% - 2:30
PK Defense
1 - 66% - 55% - 3:57
2 - 34% - 45% - 2:00
PK3 Forward
1 - 0% - 55%
2 - 0% - 45%
PK3 Defense
1 - 0% - 55%
2 - 0% - 45%
44 Forward
1 - 0% - 55%
2 - 0% - 45%
44 Defense
1 - 0% - 55%
2 - 0% - 45%
Last Minute Offensive  - 0:00
Last Minute Defensive  - 0:00
Total
Forward - 60:00
Defense - 60:00
Play-by-Play 1st period 0:01 of 1st period - Patrice Bergeron wins face-off versus Filip Forsberg in neutral zone. 0:13 of 1st period - Shot by Patrice Bergeron. 0:13 of 1st period - Stopped by Alex Nedeljkovic without a rebound. 0:14 of 1st period - Ryan Johansen wins face-off versus Anthony Cirelli in CALGARY FIREMEN zone. 0:14 of 1st period - Ryan Johansen is hit by Brady Tkachuk. 0:44 of 1st period - Shot by Brady Tkachuk. 0:44 of 1st period - Stopped by Alex Nedeljkovic with a rebound. 0:46 of 1st period - Shot by Tyler Motte. 0:46 of 1st period - Shot Misses the Net. 0:48 of 1st period - Shot by Tyler Motte. 0:48 of 1st period - Stopped by Alex Nedeljkovic without a rebound. 0:49 of 1st period - Shane Pinto wins face-off versus Sonny Milano in CALGARY FIREMEN zone. 1:04 of 1st period - Shot by Sonny Milano. 1:04 of 1st period - Stopped by Frederik Andersen without a rebound. 1:05 of 1st period - Patrice Bergeron wins face-off versus Mattias Janmark-Nylen in SPOKANE KNIGHTS zone. 1:11 of 1st period - Jakob Silfverberg is hit by Jonathon Merrill and loses puck. 1:18 of 1st period - Shot by Filip Forsberg. 1:18 of 1st period - Stopped by Frederik Andersen without a rebound. 1:19 of 1st period - Quinton Byfield wins face-off versus Brett Howden in SPOKANE KNIGHTS zone. 1:21 of 1st period - Icing by Robert Fabbri. 1:22 of 1st period - Rasmus Kupari wins face-off versus Brett Howden in SPOKANE KNIGHTS zone. 1:22 of 1st period - Rasmus Kupari is hit by Michael McCarron. 1:58 of 1st period - Shot by Jake McCabe. 1:58 of 1st period - Shot Blocked by Tucker Poolman. 2:00 of 1st period - Shot by Michael McCarron. 2:00 of 1st period - Shot Blocked by Nathan Clurman. 2:15 of 1st period - Shot by Jakob Silfverberg. 2:15 of 1st period - Deflect By Filip Forsberg. 2:15 of 1st period - Shot Misses the Net. 2:17 of 1st period - Shot by Colton White. 2:17 of 1st period - Stopped by Frederik Andersen without a rebound. 2:18 of 1st period - Patrice Bergeron wins face-off versus Liam Foudy in SPOKANE KNIGHTS zone. 2:46 of 1st period - Icing by Yakov Trenin. 2:47 of 1st period - Anthony Cirelli wins face-off versus Yakov Trenin in CALGARY FIREMEN zone. 2:51 of 1st period - Icing by Olli Maatta. 2:52 of 1st period - Anthony Cirelli wins face-off versus Yakov Trenin in CALGARY FIREMEN zone. 2:55 of 1st period - Shot by Brady Tkachuk. 2:55 of 1st period - Stopped by Alex Nedeljkovic with a rebound. 3:25 of 1st period - Shot by Brady Tkachuk. 3:25 of 1st period - Stopped by Alex Nedeljkovic without a rebound. 3:26 of 1st period - Nicklas Backstrom wins face-off versus Filip Forsberg in CALGARY FIREMEN zone. 3:40 of 1st period - Shot by Shane Pinto. 3:40 of 1st period - Shot Misses the Net. 3:42 of 1st period - Shot by Evan Bouchard. 3:42 of 1st period - Goal by Evan Bouchard - SPOKANE KNIGHTS : 1 - CALGARY FIREMEN : 0. 3:43 of 1st period - Patrice Bergeron wins face-off versus Ryan Johansen in neutral zone. 3:48 of 1st period - Shot by Zach Parise. 3:48 of 1st period - Stopped by Alex Nedeljkovic with a rebound. 3:56 of 1st period - Shot by Zach Parise. 3:56 of 1st period - Stopped by Alex Nedeljkovic without a rebound. 3:57 of 1st period - Nicklas Backstrom wins face-off versus Filip Forsberg in CALGARY FIREMEN zone. 4:25 of 1st period - Icing by Jonathon Merrill. 4:26 of 1st period - Ryan Johansen wins face-off versus Nicklas Backstrom in SPOKANE KNIGHTS zone. 4:38 of 1st period - Shot by Shane Pinto. 4:38 of 1st period - Stopped by Alex Nedeljkovic without a rebound. 4:39 of 1st period - Brett Howden wins face-off versus Zach Parise in CALGARY FIREMEN zone. 4:44 of 1st period - Shot by Patrice Bergeron. 4:44 of 1st period - Stopped by Alex Nedeljkovic without a rebound. 4:45 of 1st period - Ryan Johansen wins face-off versus Anthony Cirelli in CALGARY FIREMEN zone. 5:19 of 1st period - Shot by Brady Tkachuk. 5:19 of 1st period - Stopped by Alex Nedeljkovic without a rebound. 5:20 of 1st period - Patrice Bergeron wins face-off versus Filip Forsberg in CALGARY FIREMEN zone. 5:24 of 1st period - Patrice Bergeron is hit by Colton White and loses puck. 5:56 of 1st period - Derek Grant is hit by Jordan Oesterle and loses puck. 6:19 of 1st period - Nikita Zadorov is hit by Corey Perry and loses puck. 6:48 of 1st period - Shot by Yakov Trenin. 6:48 of 1st period - Shot Misses the Net. 7:08 of 1st period - Shot by Tyler Motte. 7:08 of 1st period - Stopped by Alex Nedeljkovic without a rebound. 7:09 of 1st period - Ryan Johansen wins face-off versus Anthony Cirelli in CALGARY FIREMEN zone. 7:09 of 1st period - Ryan Johansen is hit by Brady Tkachuk. 7:58 of 1st period - Shot by Patrice Bergeron. 7:58 of 1st period - Shot Blocked by Jake McCabe. 8:11 of 1st period - Shot by Zach Parise. 8:11 of 1st period - Goal by Zach Parise - SPOKANE KNIGHTS : 2 - CALGARY FIREMEN : 0. 8:12 of 1st period - Quinton Byfield wins face-off versus Filip Forsberg in neutral zone. 8:48 of 1st period - Icing by Nathan Clurman. 8:49 of 1st period - Quinton Byfield wins face-off versus Brett Howden in SPOKANE KNIGHTS zone. 9:11 of 1st period - Fabian Zetterlund is hit by Robert Fabbri and loses puck. 9:50 of 1st period - Shot by Jake McCabe. 9:50 of 1st period - Shot Blocked by Jonathon Merrill. 10:39 of 1st period - Sonny Milano is hit by Brady Tkachuk and loses puck. 11:33 of 1st period - Jordan Oesterle is hit by Tyler Motte and loses puck. 11:44 of 1st period - Shot by Filip Forsberg. 11:44 of 1st period - Stopped by Frederik Andersen without a rebound. 11:45 of 1st period - Ryan Johansen wins face-off versus Nicklas Backstrom in SPOKANE KNIGHTS zone. 11:52 of 1st period - Shot by Mason Marchment. 11:52 of 1st period - Goal by Mason Marchment - SPOKANE KNIGHTS : 2 - CALGARY FIREMEN : 1. 11:53 of 1st period - Zach Parise wins face-off versus Oskar Lindblom in neutral zone. 12:21 of 1st period - Shot by Ryan Johansen. 12:21 of 1st period - Shot Blocked by Patrice Bergeron. 12:23 of 1st period - Shot by Mason Marchment. 12:23 of 1st period - Shot Misses the Net. 12:25 of 1st period - Shot by Mason Marchment. 12:25 of 1st period - Shot Blocked by Jonathon Merrill. 12:27 of 1st period - Shot by Nikita Zadorov. 12:27 of 1st period - Shot Blocked by Patrice Bergeron. 12:56 of 1st period - Shane Pinto is hit by Mason Marchment and loses puck. 13:06 of 1st period - Icing by Nicklas Backstrom. 13:07 of 1st period - Nicklas Backstrom wins face-off versus Filip Forsberg in SPOKANE KNIGHTS zone. 13:07 of 1st period - Nicklas Backstrom is hit by Mattias Janmark-Nylen. 13:16 of 1st period - Nicklas Backstrom is hit by Colton White and loses puck. 13:37 of 1st period - Shot by Nicklas Backstrom. 13:37 of 1st period - Stopped by Alex Nedeljkovic with a rebound. 14:28 of 1st period - Fabian Zetterlund is hit by Chad Ruhwedel and loses puck. 15:40 of 1st period - Icing by Jonathon Merrill. 15:41 of 1st period - Filip Forsberg wins face-off versus Patrice Bergeron in SPOKANE KNIGHTS zone. 15:49 of 1st period - Off-side. 15:50 of 1st period - Ryan Johansen wins face-off versus Quinton Byfield in neutral zone. 15:59 of 1st period - Shot by Quinton Byfield. 15:59 of 1st period - Shot Misses the Net. 16:09 of 1st period - Shot by Mason Marchment. 16:09 of 1st period - Shot Misses the Net. 16:11 of 1st period - Shot by Oskar Lindblom. 16:11 of 1st period - Shot Misses the Net. 16:13 of 1st period - Shot by Mason Marchment. 16:13 of 1st period - Shot Blocked by Rasmus Kupari. 16:15 of 1st period - Shot by Colton White. 16:15 of 1st period - Stopped by Frederik Andersen without a rebound. 16:16 of 1st period - Patrice Bergeron wins face-off versus Filip Forsberg in SPOKANE KNIGHTS zone. 16:30 of 1st period - Jakob Silfverberg is hit by Evan Bouchard and loses puck. 17:02 of 1st period - Icing by Patrice Bergeron. 17:03 of 1st period - Ryan Johansen wins face-off versus Patrice Bergeron in SPOKANE KNIGHTS zone. 17:16 of 1st period - Shot by Mason Marchment. 17:16 of 1st period - Stopped by Frederik Andersen without a rebound. 17:17 of 1st period - Brett Howden wins face-off versus Anthony Cirelli in SPOKANE KNIGHTS zone. 17:35 of 1st period - Shot by Brady Tkachuk. 17:35 of 1st period - Shot Misses the Net. 17:37 of 1st period - Shot by Anthony Cirelli. 17:37 of 1st period - Stopped by Alex Nedeljkovic without a rebound. 17:38 of 1st period - Ryan Johansen wins face-off versus Nicklas Backstrom in CALGARY FIREMEN zone. 17:57 of 1st period - Shot by Ryan Johansen. 17:57 of 1st period - Stopped by Frederik Andersen without a rebound. 17:58 of 1st period - Anthony Cirelli wins face-off versus Filip Forsberg in SPOKANE KNIGHTS zone. 18:34 of 1st period - Shot by Filip Forsberg. 18:34 of 1st period - Shot Misses the Net. 18:36 of 1st period - Shot by Mattias Janmark-Nylen. 18:36 of 1st period - Stopped by Frederik Andersen without a rebound. 18:37 of 1st period - Patrice Bergeron wins face-off versus Ryan Johansen in SPOKANE KNIGHTS zone. 18:37 of 1st period - Patrice Bergeron is hit by Mason Marchment. 18:53 of 1st period - Shot by Mason Marchment. 18:53 of 1st period - Shot Misses the Net. 18:55 of 1st period - Shot by Olli Maatta. 18:55 of 1st period - Stopped by Frederik Andersen without a rebound. 18:56 of 1st period - Nicklas Backstrom wins face-off versus Yakov Trenin in SPOKANE KNIGHTS zone. 18:56 of 1st period - Nicklas Backstrom is hit by Yakov Trenin. 19:17 of 1st period - Shot by Nicklas Backstrom. 19:17 of 1st period - Stopped by Alex Nedeljkovic with a rebound. 19:25 of 1st period - Shot by Shane Pinto. 19:25 of 1st period - Shot Blocked by Yakov Trenin. 19:27 of 1st period - Shot by Nicklas Backstrom. 19:27 of 1st period - Stopped by Alex Nedeljkovic without a rebound. 19:28 of 1st period - Filip Forsberg wins face-off versus Anthony Cirelli in CALGARY FIREMEN zone. 19:38 of 1st period - Shot by Jakob Silfverberg. 19:38 of 1st period - Shot Misses the Net. Goals for this period are 2 for SPOKANE KNIGHTS vs 1 for CALGARY FIREMEN. Shots for this period are 17 for SPOKANE KNIGHTS vs 10 for CALGARY FIREMEN. 2nd period 0:01 of 2nd period - Ryan Johansen wins face-off versus Patrice Bergeron in neutral zone. 0:01 of 2nd period - Jake McCabe is hit by Derek Grant and loses puck. 0:05 of 2nd period - Jonathon Merrill is hit by Jamie Oleksiak and loses puck. 0:14 of 2nd period - Shot by Zach Parise. 0:14 of 2nd period - Stopped by Alex Nedeljkovic without a rebound. 0:15 of 2nd period - Anthony Cirelli wins face-off versus Filip Forsberg in CALGARY FIREMEN zone. 0:26 of 2nd period - Shot by Brady Tkachuk. 0:26 of 2nd period - Goal by Brady Tkachuk - SPOKANE KNIGHTS : 3 - CALGARY FIREMEN : 1. 0:27 of 2nd period - Patrice Bergeron wins face-off versus Oskar Lindblom in neutral zone. 0:27 of 2nd period - Derek Grant is hit by Mason Marchment and loses puck. 1:04 of 2nd period - Derek Grant is hit by Jamie Oleksiak and loses puck. 1:37 of 2nd period - Shot by Anthony Cirelli. 1:37 of 2nd period - Stopped by Alex Nedeljkovic with a rebound. 2:53 of 2nd period - Shot by Sonny Milano. 2:53 of 2nd period - Shot Blocked by Corey Perry. 3:00 of 2nd period - Icing by Tucker Poolman. 3:01 of 2nd period - Brett Howden wins face-off versus Nicklas Backstrom in SPOKANE KNIGHTS zone. 3:20 of 2nd period - Shot by Patrice Bergeron. 3:20 of 2nd period - Stopped by Alex Nedeljkovic with a rebound. 3:26 of 2nd period - Shot by Patrice Bergeron. 3:26 of 2nd period - Stopped by Alex Nedeljkovic without a rebound. 3:27 of 2nd period - Ryan Johansen wins face-off versus Quinton Byfield in CALGARY FIREMEN zone. 3:48 of 2nd period - Shot by Mason Marchment. 3:48 of 2nd period - Shot Misses the Net. 3:50 of 2nd period - Shot by Nikita Zadorov. 3:50 of 2nd period - Stopped by Frederik Andersen without a rebound. 3:51 of 2nd period - Patrice Bergeron wins face-off versus Mattias Janmark-Nylen in SPOKANE KNIGHTS zone. 4:47 of 2nd period - Icing by Jordan Oesterle. 4:48 of 2nd period - Quinton Byfield wins face-off versus Filip Forsberg in CALGARY FIREMEN zone. 4:55 of 2nd period - Shot by Robert Fabbri. 4:55 of 2nd period - Shot Blocked by Colton White. 4:57 of 2nd period - Shot by Rasmus Kupari. 4:57 of 2nd period - Stopped by Alex Nedeljkovic without a rebound. 4:58 of 2nd period - Anthony Cirelli wins face-off versus Ryan Johansen in CALGARY FIREMEN zone. 5:09 of 2nd period - Shot by Tyler Motte. 5:09 of 2nd period - Deflect By Brady Tkachuk. 5:09 of 2nd period - Shot Misses the Net. 5:11 of 2nd period - Shot by Tyler Motte. 5:11 of 2nd period - Stopped by Alex Nedeljkovic without a rebound. 5:12 of 2nd period - Nicklas Backstrom wins face-off versus Yakov Trenin in CALGARY FIREMEN zone. 5:17 of 2nd period - Shot by Shane Pinto. 5:17 of 2nd period - Stopped by Alex Nedeljkovic without a rebound. 5:18 of 2nd period - Ryan Johansen wins face-off versus Anthony Cirelli in CALGARY FIREMEN zone. 5:31 of 2nd period - Shot by Mason Marchment. 5:31 of 2nd period - Shot Misses the Net. 5:45 of 2nd period - Shot by Anthony Cirelli. 5:45 of 2nd period - Shot Blocked by Ryan Johansen. 5:47 of 2nd period - Shot by Anthony Cirelli. 5:47 of 2nd period - Stopped by Alex Nedeljkovic without a rebound. 5:48 of 2nd period - Patrice Bergeron wins face-off versus Filip Forsberg in CALGARY FIREMEN zone. 5:51 of 2nd period - Shot by Derek Grant. 5:51 of 2nd period - Stopped by Alex Nedeljkovic without a rebound. 5:52 of 2nd period - Patrice Bergeron wins face-off versus Filip Forsberg in CALGARY FIREMEN zone. 6:03 of 2nd period - Shot by Jakob Silfverberg. 6:03 of 2nd period - Stopped by Frederik Andersen without a rebound. 6:04 of 2nd period - Brady Tkachuk wins face-off versus Yakov Trenin in SPOKANE KNIGHTS zone. 6:09 of 2nd period - Shot by Tyler Motte. 6:09 of 2nd period - Shot Misses the Net. 6:39 of 2nd period - Shot by Brady Tkachuk. 6:39 of 2nd period - Stopped by Alex Nedeljkovic without a rebound. 6:40 of 2nd period - Patrice Bergeron wins face-off versus Oskar Lindblom in CALGARY FIREMEN zone. 6:41 of 2nd period - Shot by Zach Parise. 6:41 of 2nd period - Shot Misses the Net. 6:43 of 2nd period - Shot by Zach Parise. 6:43 of 2nd period - Stopped by Alex Nedeljkovic without a rebound. 6:44 of 2nd period - Ryan Johansen wins face-off versus Patrice Bergeron in CALGARY FIREMEN zone. 6:49 of 2nd period - Shot by Mason Marchment. 6:49 of 2nd period - Shot Blocked by Nathan Beaulieu. 6:51 of 2nd period - Shot by Mason Marchment. 6:51 of 2nd period - Shot Blocked by Nathan Beaulieu. 6:53 of 2nd period - Shot by Mason Marchment. 6:53 of 2nd period - Stopped by Frederik Andersen without a rebound. 6:54 of 2nd period - Nicklas Backstrom wins face-off versus Filip Forsberg in SPOKANE KNIGHTS zone. 7:07 of 2nd period - Icing by Jakob Silfverberg. 7:08 of 2nd period - Patrice Bergeron wins face-off versus Filip Forsberg in CALGARY FIREMEN zone. 7:11 of 2nd period - Shot by Evan Bouchard. 7:11 of 2nd period - Shot Misses the Net. 7:31 of 2nd period - Shot by Filip Forsberg. 7:31 of 2nd period - Shot Blocked by Zach Parise. 7:33 of 2nd period - Shot by Jakob Silfverberg. 7:33 of 2nd period - Stopped by Frederik Andersen without a rebound. 7:34 of 2nd period - Anthony Cirelli wins face-off versus Ryan Johansen in SPOKANE KNIGHTS zone. 7:36 of 2nd period - Icing by Brady Tkachuk. 7:37 of 2nd period - Ryan Johansen wins face-off versus Anthony Cirelli in SPOKANE KNIGHTS zone. 7:38 of 2nd period - Shot by Mason Marchment. 7:38 of 2nd period - Stopped by Frederik Andersen with a rebound. 7:40 of 2nd period - Shot by Jake McCabe. 7:40 of 2nd period - Stopped by Frederik Andersen without a rebound. 7:41 of 2nd period - Ryan Johansen wins face-off versus Derek Grant in SPOKANE KNIGHTS zone. 7:55 of 2nd period - Shot by Zach Parise. 7:55 of 2nd period - Stopped by Alex Nedeljkovic without a rebound. 7:56 of 2nd period - Anthony Cirelli wins face-off versus Filip Forsberg in CALGARY FIREMEN zone. 7:57 of 2nd period - Shot by Brady Tkachuk. 7:57 of 2nd period - Stopped by Alex Nedeljkovic without a rebound. 7:58 of 2nd period - Anthony Cirelli wins face-off versus Ryan Johansen in CALGARY FIREMEN zone. 8:01 of 2nd period - Shot by Brady Tkachuk. 8:01 of 2nd period - Shot Misses the Net. 8:08 of 2nd period - Off-side. 8:09 of 2nd period - Patrice Bergeron wins face-off versus Filip Forsberg in neutral zone. 8:25 of 2nd period - Shot by Filip Forsberg. 8:25 of 2nd period - Stopped by Frederik Andersen without a rebound. 8:26 of 2nd period - Anthony Cirelli wins face-off versus Ryan Johansen in SPOKANE KNIGHTS zone. 8:26 of 2nd period - Anthony Cirelli is hit by Mason Marchment. 8:31 of 2nd period - Minor Penalty to Jake McCabe for Tripping. 8:32 of 2nd period - Patrice Bergeron wins face-off versus Ryan Johansen in CALGARY FIREMEN zone. 10:06 of 2nd period - Shot by Corey Perry. 10:06 of 2nd period - Stopped by Alex Nedeljkovic without a rebound. 10: